 Dungeon Crawl Stone Soup version 0.25-a0-647-gd602d06 (webtiles) character file.

Game seed: 16275044734551220528, levelgen mode: deterministic

203 CanOfBees the Gusty (level 5, -2/41 HPs)
             Began as a Demigod Air Elementalist on Mar 21, 2020.
             Slain by Edmund
             ... wielding a +4 flail of protection
              (4 damage)
             ... on level 3 of the Dungeon.
             The game lasted 00:07:58 (4688 turns).

CanOfBees the Gusty (Demigod Air Elementalist)      Turns: 4688, Time: 00:07:59

Health: -2/41      AC:  3    Str: 11    XL:     5   Next: 26%
Magic:  0/11       EV: 11    Int: 21    God:
Gold:   95         SH:  0    Dex: 16    Spells: 3/9 levels left

rFire    . . .     SeeInvis .   y - +2 dagger (drain)
rCold    . . .     Gourm    .   (no shield)
rNeg     . . .     Faith    .   i - +0 leather armour
rPois    .         Spirit   .   (no helmet)
rElec    .         Reflect  .   (no cloak)
rCorr    .         Harm     .   (no gloves)
MR       .....                  (no boots)
Stlth    ++........             (no amulet)
HPRegen  0.13/turn              (no ring)
MPRegen  0.12/turn              (no ring)

@: about to teleport, very slightly contaminated, drained
A: high mp 1
a: no special abilities


You were on level 3 of the Dungeon.
You were hungry.

You visited 1 branch of the dungeon, and saw 4 of its levels.

You collected 95 gold pieces.

Inventory:

Hand Weapons
 j - a +1 spear
 q - a +0 short sword of protection
 u - a +0 great sword
 w - a +1 hand axe of holy wrath
 y - a +2 dagger of draining (weapon)
Missiles
 f - 2 atropa-tipped darts
 g - 47 stones
 h - 22 poisoned darts (quivered)
 l - 37 sling bullets
 m - 34 arrows
 o - 12 bolts
 v - 4 boomerangs
Armour
 a - a +0 robe
 d - a +0 ring mail
 i - a +0 leather armour (worn)
Jewellery
 n - an uncursed amulet of rage
Scrolls
 b - a scroll of fear {unknown}
 e - 3 scrolls of remove curse
 p - 4 scrolls of teleportation
Potions
 r - a potion of haste {unknown}
 x - a potion of mutation
Comestibles
 c - 4 rations
 t - 2 chunks of flesh


   Skills:
 + Level 1.9(1.3) Fighting
 + Level 1.4(0.8) Armour
 - Level 1.7(1.1) Dodging
 - Level 1.7(1.1) Stealth
 + Level 2.7(2.0) Spellcasting
 + Level 2.2(1.6) Conjurations
 + Level 3.6(3.0) Air Magic


You had 3 spell levels left.
You knew the following spells:

 Your Spells              Type           Power        Failure   Level  Hunger
a - Shock                 Conj/Air       ##..         8%          1    #......
b - Swiftness             Chrm/Air       #.......     16%         2    ##.....
c - Static Discharge      Conj/Air       ##......     22%         3    ###....

Your spell library contained the following spells:

 Spells                   Type           Power        Failure   Level  Hunger
 Airstrike                Air            ##........   50%         4    #####..
 Lightning Bolt           Conj/Air       ##........   90%         5    ######.


Dungeon Overview and Level Annotations

Branches:
Dungeon (4/15)
 Temple: D:4-7

Annotations:
D:3 Edmund


Innate Abilities, Weirdness & Mutations

You have an increased reservoir of magic. (+10% MP)


Message History

The zap hits Edmund but does no damage.
Edmund is severely wounded.
Edmund barely misses you.
Casting: Shock (safe; 8% risk of failure)
Confirm with . or Enter, or press ? or * to list all spells.
Aiming: Shock (safe; 8% risk of failure)
Press: ? - help, Shift-Dir - straight line The zap hits Edmund.
Edmund is severely wounded.
The zap hits Edmund but does no damage.
Edmund is severely wounded.
Edmund says, "I might not be good at magic, but I can still kill you!"
Edmund hits you with a +4 flail of protection.
* * * LOW HITPOINT WARNING * * *
Unknown command.
Okay, then.
As you read the scroll of teleportation, it crumbles to dust.
You feel strangely unstable.
Edmund hits you with a +4 flail of protection.
You die...

##### #####
....#######################>..#
###....................(......#
##############.#########....#
#@# #.#.## ### #@# #.#.# ..#
#########.#########.#.# #.#
#.....รท)).............#
#.######..######.####.####.#.#
..........# #.###...###.#.##
#.#####...# #...........#..##
#.# #...# #####...#####...# #.#
#...# #....######..## #.# #...#
#.#..........#


You could see Edmund.

Vanquished Creatures
  3 gnolls (D:3)
  7 adders
  A worm (D:2)
  6 dart slugs
  2 leopard geckos
  8 orcs (D:3)
  A ball python (D:3)
  11 bats
  4 giant cockroaches
  5 goblins
  6 hobgoblins
  15 jackals
  5 kobolds
  A quokka (D:3)
  7 frilled lizards
  4 rats
86 creatures vanquished.

Notes
Turn   | Place    | Note
-------+----------+-------------------------------------------
     0 | D:1      | CanOfBees the Demigod Air Elementalist began the quest for
                  | the Orb.
     0 | D:1      | Reached XP level 1. HP: 14/14 MP: 5/5
   165 | D:1      | Reached skill level 1 in Conjurations
   353 | D:1      | Reached XP level 2. HP: 21/22 MP: 4/7
   373 | D:1      | Learned a level 2 spell: Swiftness
   947 | D:1      | Reached skill level 3 in Air Magic
  1133 | D:1      | Reached skill level 1 in Fighting
  1372 | D:2      | Reached XP level 3. HP: 24/28 MP: 1/8
  1595 | D:2      | Learned a level 3 spell: Static Discharge
  2651 | D:3      | Reached XP level 4. HP: 35/35 MP: 6/10
  2808 | D:3      | Reached skill level 1 in Armour
  3889 | D:3      | Reached XP level 5. HP: 41/41 MP: 5/11
  4635 | D:4      | Noticed Edmund
  4687 | D:3      | HP: 2/41 [Edmund/+4 flail of protection (6)]
  4688 | D:3      | Slain by Edmund

Levels and vault maps discovered:
D:1:      dpeg_arrival_refuge, layout_basic
D:2:      layout_basic, serial_curves, eino_curves_04, eino_curves_01
D:3:      layout_loops_ring
D:4:      layout_basic, old_standard_altar, serial_shops,
          nicolae_shop_waterfront, shop, kennysheep_mini, shop, uniq_edmund

Skill      XL: |  1  2  3  4 |
---------------+-------------+-----
Conjurations   | 1 2 |  2.2
Spellcasting   | 2 |  2.7
Air Magic      | 3 |  3.6
Fighting       | 1 |  1.9
Armour         | 1 |  1.4
Dodging        | |  1.7
Stealth        | |  1.7

Action                   |  1- 3 |  4- 6 || total
-------------------------+-------+-------++-------
Melee: Unarmed           |     4 |       ||     4
       Spear             |    36 |     1 ||    37
       Short sword       |       |    28 ||    28
       Great sword       |       |    21 ||    21
       Dagger            |       |     8 ||     8
Throw: Dart              |       |    10 ||    10
 Cast: Shock             |    74 |    66 ||   140
       Static Discharge  |     2 |     2 ||     4
  Use: Scroll            |     6 |     2 ||     8
       Potion            |       |     2 ||     2
 Stab: Sleeping          |       |     1 ||     1
  Eat: Chunk             |     6 |     6 ||    12
Armor: Robe              |     3 |       ||     3
       Leather armour    |    11 |    19 ||    30
Dodge: Dodged            |    44 |    70 ||   114
       Rpst.: Great sword |       |     8 ||     8

Table legend:
 A = Non-vault XP
 B = Vault XP
 C = Vault XP percentage of total XP
 D = Non-vault monster count
 E = Vault monster count
 F = Vault count percentage of total count
                 A         B        C        D         E       F
            +---------+---------+-------+---------+---------+-------
      Total |     290 |       0 |   0.0 |      86 |       0 |   0.0
            +---------+---------+-------+---------+---------+-------
        D:1 |      42 |       0 |   0.0 |      24 |       0 |   0.0
        D:2 |      71 |       0 |   0.0 |      25 |       0 |   0.0
        D:3 |     164 |       0 |   0.0 |      36 |       0 |   0.0
        D:4 |      13 |       0 |   0.0 |       1 |       0 |   0.0
            +---------+---------+-------+---------+---------+-------
